 Dungeon Crawl Stone Soup version 0.30-a0-122-g2a1322497e (webtiles) character file.

Game seed: 15965529713559329643

33 NinjaNoafa the Shooter (level 3, 31/31 HPs)
             Began as a Minotaur Hunter on Sept 15, 2022.
             Was a Follower of Trog.
             Quit the game on level 1 of the Dungeon.
             The game lasted 00:02:08 (809 turns).

NinjaNoafa the Shooter (Minotaur Hunter)             Turns: 809, Time: 00:02:08

Health: 31/31      AC:  3    Str: 15    XL:     3   Next: 12%
Magic:  2/2        EV: 12    Int:  6    God:    Trog [*.....]
Gold:   36         SH:  0    Dex: 15    Spells: 2/2 levels left

rFire   . . .      SeeInvis .    a - +0 shortbow
rCold   . . .      Faith    .    (shield currently unavailable)
rNeg    . . .      Spirit   .    c - +0 leather armour
rPois   .          Reflect  .    (helmet restricted)
rElec   .          Harm     .    (no cloak)
rCorr   .          Rampage  .    (no gloves)
Will    .....                    (no boots)
Stlth   ++........               (no amulet)
HPRegen 0.10/turn                (no ring)
MPRegen 0.08/turn                (no ring)

@: no status effects
A: horns 2, retaliatory headbutt
a: Renounce Religion, Berserk


You were on level 1 of the Dungeon.
You worshipped Trog.
Trog was aware of your devotion.
You visited 1 branch of the dungeon, and saw 1 of its levels.

You collected 36 gold pieces.

Inventory:

Hand Weapons
 a - a +0 shortbow (weapon)
 l - a +0 short sword
Missiles
 g - 4 stones
 k - 9 poisoned darts
Armour
 c - a +0 leather armour (worn)
Scrolls
 b - a scroll of immolation
 d - a scroll of acquirement {unknown}
 e - a scroll of noise {unknown}
 f - 2 scrolls of fog {unknown}
 h - a scroll of fear {unknown}
Potions
 i - a potion of flight {unknown}
 j - a potion of attraction {unknown}


   Skills:
 - Level 3.0 Fighting
 + Level 5.0 Ranged Weapons
 - Level 2.4 Dodging
 - Level 1.1 Stealth


You had 2 spell levels left.
You didn't know any spells.
Your spell library contained the following spells:

 Spells                   Type           Power      Damage    Failure   Level
 Slow                     Hex            0%         N/A       52%         1
 Confusing Touch          Hex            0%         N/A       88%         3
 Gell's Gravitas          Tloc           0%         N/A       88%         3
 Lesser Beckoning         Tloc           0%         N/A       88%         3
 Teleport Other           Tloc           0%         N/A       88%         3
 Vampiric Draining        Necr           0%         2d6       88%         3


Dungeon Overview and Level Annotations

Branches:
Dungeon (1/15)

Altars:
Trog


Innate Abilities, Weirdness & Mutations

You have a pair of horns on your head.
You reflexively headbutt those who attack you in melee.


Message History

No target in view!
You now have 36 gold pieces (gained 8).
You open the door.
Found a short sword.
A goblin comes into view. It is wielding a +0 dagger.
The goblin shouts!
A goblin is nearby!
You shoot an arrow. The arrow hits the goblin!
You kill the goblin!
No target in view!
No target in view!
You see here a +0 short sword.
l - a +0 short sword
There are no items here.
Found a whip.
Things that are here:
a +0 dagger; a goblin corpse
Okay, then.
You drop a +0 dagger.
You see here a +0 whip.
j - a bubbling dark potion You see here a +0 dagger.
You see here a +0 dagger.
You see here a +0 whip.
Things that are here:
a +0 dagger; a +0 dagger; a goblin corpse A rat comes into view.
You shoot an arrow. The arrow hits the rat.
You kill the rat!
Found a leather armour.
Found a spear.
Found a faded altar of an unknown god.
Found a stone staircase leading down.
There is a faded altar of an unknown god here.
You see here a -3 spear.
This altar belongs to (a) Gozag, (b) Trog or (c) Vehumet, but you can't tell which.
Press the corresponding letter to learn more about a god, or press enter to convert or escape to cancel.
Trog accepts your prayer! Trog welcomes you!
You can now go berserk at will.
Okay, then.
Are you sure you want to abandon this character and quit the game? (Confirm with "yes".)

..........# ########..#
##########.....#####
#.................#.
#[.....###......#.#.
###+#..†........#...#.#.
#............#..#...#.#.
#..>..................#.
#.....#@........÷.....#.
##.....#..###...#.###.#.
#######...#............
##..#.####.#...##
#..#.####.......
....)..........
.##.######..... ..
#...## #...##


There were no monsters in sight!

Vanquished Creatures
  3 bats (D:1)
  4 endoplasms (D:1)
  2 giant cockroaches (D:1)
  3 goblins (D:1)
  4 hobgoblins (D:1)
  2 jackals (D:1)
  A kobold (D:1)
  2 quokkas (D:1)
  2 ball pythons (D:1)
  4 rats (D:1)
27 creatures vanquished.

Notes
Turn   | Place    | Note
-------+----------+-------------------------------------------
     0 | D:1      | NinjaNoafa the Minotaur Hunter began the quest for the Orb.
     0 | D:1      | Reached XP level 1. HP: 18/18 MP: 0/0
    44 | D:1      | Reached skill level 1 in Stealth
    53 | D:1      | Reached XP level 2. HP: 14/25 MP: 1/1
   581 | D:1      | Reached skill level 5 in Ranged Weapons
   581 | D:1      | Reached XP level 3. HP: 31/31 MP: 2/2
   802 | D:1      | Found a faded altar of an unknown god.
   808 | D:1      | Prayed at the altar of an unknown god.
   808 | D:1      | Became a worshipper of Trog the Wrathful
   808 | D:1      | Reached * piety under Trog
   809 | D:1      | Quit the game

Illustrated notes

Levels and vault maps discovered:
D:1:      lightli_arrival_quake, layout_basic, ebering_ecumenical_altar_rust

Skill      XL: |  1  2 |
---------------+-------+-----
Stealth        | 1 |  1.1
Fighting       | 3 |  3.0
Ranged Weapons | 5 |  5.0
Dodging        | |  2.4

Action                   || total
-------------------------++-------
 Fire: Shortbow          ||    71
Armor: Leather armour    ||     9
Dodge: Dodged            ||    36

Table legend: (Time is in decaauts)
 A = Elapsed time spent in this place.
 B = Non-inter-level travel time spent in this place.
 C = Inter-level travel time spent in this place.
 D = Time resting spent in this place.
 E = Time spent auto-exploring this place.
 F = Levels seen in this place.
 G = Mean time per level.
                   A        B        C        D        E       F      G
               +--------+--------+--------+--------+--------+-----+--------+
         Total |    830 |    830 |      0 |      0 |    664 |   1 |  830.0 |
       Dungeon |    830 |    830 |      0 |      0 |    664 |   1 |  830.0 |
               +--------+--------+--------+--------+--------+-----+--------+

Top non-repeatable levels by time:
     D:1: 830 daAuts
